 Dungeon Crawl Stone Soup version 0.28-a0-1235-g7c8fac35f0 (webtiles) character file.

Game seed: 16500195164012362410

152 enile the Skirmisher (level 5, -13/48 HPs)
             Began as a Hill Orc Monk on Dec 24, 2021.
             Mangled by a two-headed ogre (18 damage)
             ... on level 5 of the Dungeon.
             The game lasted 00:05:30 (3919 turns).

enile the Skirmisher (Hill Orc Monk)                Turns: 3919, Time: 00:05:31

Health: -13/48     AC:  6    Str: 16    XL:     5   Next: 34%
Magic:  5/5        EV: 11    Int: 10    God:
Gold:   241        SH:  0    Dex: 19    Spells: 4/4 levels left

rFire   x . .      SeeInvis .   a - +0 hand axe
rCold   + . .      Faith    .   (no shield)
rNeg    . . .      Spirit   .   p - +1 ring mail {rPois}
rPois   +          Reflect  .   (no helmet)
rElec   .          Harm     +   n - scarf {harm}
rCorr   .          Rampage  .   (no gloves)
Will    .....                   (no boots)
Stlth   +.........              (no amulet)
HPRegen 0.16/turn               s - +6 ring of dexterity
MPRegen 0.09/turn               u - ring of ice

@: no status effects
A: no striking features
a: no special abilities


You were on level 5 of the Dungeon.
You visited 1 branch of the dungeon, and saw 5 of its levels.

You collected 241 gold pieces.

Inventory:

Hand Weapons
 a - a +0 hand axe (weapon)
Missiles
 d - 24 poisoned darts (quivered)
 f - 108 stones
Armour
 b - a +0 robe
 g - a +0 leather armour
 n - a scarf of harm (worn)
 o - a +0 chain mail
 p - a +1 ring mail of poison resistance (worn)
Jewellery
 s - a +6 ring of dexterity (left hand)
 u - a ring of ice (right hand)
Wands
 r - a wand of acid (10)
Scrolls
 c - 7 scrolls of identify {unknown}
 e - a scroll of fear {unknown}
 h - 2 scrolls of silence {unknown}
 k - a scroll of amnesia {unknown}
 q - a scroll of summoning {unknown}
 t - a scroll of blinking {unknown}
 w - a scroll of teleportation {unknown}
Potions
 i - 2 potions of degeneration {unknown}
 j - 2 potions of flight {unknown}
 l - a potion of mutation {unknown}
 m - 2 potions of lignification {unknown}
 v - a potion of heal wounds {unknown}


   Skills:
 - Level 5.0 Fighting
 - Level 5.0 Axes
 - Level 2.0 Throwing
 + Level 2.3 Armour
 - Level 2.4 Dodging
 - Level 1.5 Stealth


You had 4 spell levels left.
You didn't know any spells.
Your spell library contained the following spells:

 Spells                   Type           Power      Damage    Failure   Level
 Blink                    Tloc           0%         N/A       71%         2
 Ignite Poison            Fire/Tmut/Pois 0%         N/A       91%         3
 Lesser Beckoning         Tloc           0%         N/A       91%         3
 Mephitic Cloud           Conj/Pois/Air  0%         N/A       91%         3
 Freezing Cloud           Conj/Ice/Air   0%         6-21      100%        5
 Manifold Assault         Tloc           0%         N/A       100%        5


Dungeon Overview and Level Annotations

Branches:
Dungeon (5/15)
 Temple: D:4-7

Altars:
Elyvilon
Fedhas


Message History

The poisoned dart hits the two-headed ogre.
The two-headed ogre looks even sicker.
The two-headed ogre is moderately wounded.
Throw: 25 darts (poison)
Press: ? - help, Q - select action, (/) - cycle Shift-Dir - straight line, f/p - two-headed ogre
Aim: a two-headed ogre, wielding a +0 giant club and a +0 giant spiked club (moderately wounded, very poisoned, 77% to hit)
You throw a poisoned dart.
The poisoned dart hits the two-headed ogre.
The two-headed ogre looks as sick as possible!
The two-headed ogre is moderately wounded.
Found a white marble altar of Elyvilon.
An adder comes into view.
The adder bites you. The adder barely misses you. The adder barely misses you.
The adder bites you. The adder bites you but does no damage.
The adder bites you but does no damage.
You hit the adder.
The adder is heavily wounded.
The adder bites you.
You hit the adder.
You kill the adder!
You hit the two-headed ogre but do no damage.
The two-headed ogre is heavily wounded.
You hit the two-headed ogre.
The two-headed ogre is severely wounded.
The two-headed ogre hits you with a +0 giant club!!
Ouch! That really hurt!
The two-headed ogre hits you with a +0 giant spiked club!
* * * LOW HITPOINT WARNING * * *
Unknown command.
Sorry, you're not good enough to have a special ability.
Aiming: Corrosive Bolt
Press: ? - help, Shift-Dir - straight line, f/p - two-headed ogre
Aim: a two-headed ogre, wielding a +0 giant club and a +0 giant spiked club (severely wounded, very poisoned, 86% to hit)
The bolt of acid hits the two-headed ogre!
The acid corrodes the two-headed ogre!
The two-headed ogre is almost dead.
The two-headed ogre hits you with a +0 giant club!
You die...

#P.♣♣P.P♣♣...
♣.♣P...P♣.♣ ♣P..._...P♣
♣.♣.....♣.♣##+###
♣♣P..♣♣.......#
P.♣♣.♣♣P.......#
..≈≈P..P...≈≈.....#
..≈≈.P♣♣♣..O≈.(.<.#
..#.##...##@##....# #
#.$)##.##....######+#
.....................#
.......................#
.............>.........+
.......................#
..######+###......######
#......# .......#


You could see a two-headed ogre (very poisoned, corroded).

Vanquished Creatures
  A hound (D:4)
  A howler monkey skeleton (D:4)
  4 adders
  7 orcs (D:3)
  7 bats
  6 endoplasms
  A giant cockroach (D:2)
  6 goblins
  3 hobgoblins
  4 jackals (D:3)
  5 quokkas
  10 ball pythons
  5 frilled lizards
  6 kobolds
  2 rats
68 creatures vanquished.

Notes
Turn   | Place    | Note
-------+----------+-------------------------------------------
     0 | D:1      | enile the Hill Orc Monk began the quest for the Orb.
     0 | D:1      | Reached XP level 1. HP: 19/19 MP: 1/1
   270 | D:1      | Reached XP level 2. HP: 26/27 MP: 2/2
  1070 | D:1      | Reached skill level 5 in Fighting
  1070 | D:1      | Reached XP level 3. HP: 27/36 MP: 3/3
  1369 | D:1      | Found a faded altar of an unknown god.
  2331 | D:3      | Reached skill level 5 in Axes
  2336 | D:3      | Reached XP level 4. HP: 39/42 MP: 4/4
  2705 | D:3      | Reached skill level 1 in Throwing
  3297 | D:4      | Reached skill level 1 in Armour
  3297 | D:4      | Reached XP level 5. HP: 35/48 MP: 5/5
  3539 | D:4      | Found a blossoming altar of Fedhas.
  3880 | D:5      | Entered Level 5 of the Dungeon
  3887 | D:5      | Noticed a two-headed ogre
  3905 | D:5      | Found a white marble altar of Elyvilon.
  3919 | D:5      | Mangled by a two-headed ogre

Illustrated notes

Levels and vault maps discovered:
D:1:      dpeg_arrival_yet_another_circle, layout_basic,
          shapermc_ecumenical_altar_mp_urbaneastern
D:2:      layout_basic, serial_curves, eino_curves_02, eino_curves_03
D:3:      layout_loops_ring, serial_rivers, chequers_serial_rivers_micro_c,
          chequers_serial_rivers_micro_e, chequers_serial_rivers_micro_c,
          chequers_serial_rivers_small_3, grunt_ministairs_10,
          minmay_misc_feat_iff, kennysheep_generic_room_2
D:4:      layout_gridville, fedhas_altar_4
D:5:      layout_gridville, mainiacjoe_overflow_six_doors_small,
          nicolae_elyvilon_peaceful_grove

Skill      XL: |  1  2  3  4  5 |
---------------+----------------+-----
Fighting       | 4 5 |  5.0
Axes           | 5 |  5.0
Throwing       | 2 |  2.0
Armour         | 1 2 |  2.3
Dodging        | |  2.4
Stealth        | |  1.5

Action                   |  1- 3 |  4- 6 || total
-------------------------+-------+-------++-------
Melee: Hand axe          |   110 |    99 ||   209
Throw: Dart              |       |     9 ||     9
Evoke: Wand              |       |     1 ||     1
 Stab: Sleeping          |     3 |     1 ||     4
Armor: Robe              |    12 |       ||    12
       Leather armour    |    13 |       ||    13
       Ring mail         |    14 |    36 ||    50
Dodge: Dodged            |    79 |    59 ||   138

Table legend: (Time is in decaauts)
 A = Elapsed time spent in this place.
 B = Non-inter-level travel time spent in this place.
 C = Inter-level travel time spent in this place.
 D = Time resting spent in this place.
 E = Time spent auto-exploring this place.
 F = Levels seen in this place.
 G = Mean time per level.
                   A        B        C        D        E       F      G
               +--------+--------+--------+--------+--------+-----+--------+
         Total |   3935 |   3808 |    127 |      0 |   3236 |   5 |  787.0 |
       Dungeon |   3935 |   3808 |    127 |      0 |   3236 |   5 |  787.0 |
               +--------+--------+--------+--------+--------+-----+--------+

Top non-repeatable levels by time:
     D:1: 1396 daAuts
     D:3: 1046 daAuts
     D:2: 741 daAuts
     D:4: 713 daAuts
     D:5: 38 daAuts
